 Dungeon Crawl Stone Soup version 0.26-a0-1053-gaff5f71418 (webtiles) character file.

Game seed: 13149905534461568082

9275 Dracia the Unseen (level 11, -4/64 HPs)
             Began as a Kobold Delver on Dec 12, 2020.
             Was an Elder of Dithmenos.
             Slain by a freezing wraith (9 damage)
             ... in an ice cave.
             The game lasted 00:31:57 (13083 turns).

Dracia the Unseen (Kobold Delver)                  Turns: 13083, Time: 00:31:58

Health: -4/64      AC: 10    Str: 10    XL:     11   Next: 71%
Magic:  12/14      EV: 23    Int: 17    God:    Dithmenos [****..]
Gold:   588        SH:  8    Dex: 24    Spells: 10/10 levels left

rFire    . . .     SeeInvis .   d - +1 dagger (venom)
rCold    . . .     Faith    .   m - +2 buckler
rNeg     . . .     Spirit   .   b - +0 leather armour
rPois    +         Reflect  .   (no helmet)
rElec    .         Harm     .   i - +2 cloak
rCorr    .         Rampage  .   (no gloves)
Will     .....                  (no boots) Stlth **++++++++
                                (no amulet)
HPRegen  0.20/turn              I - +6 ring of intelligence
MPRegen  0.14/turn              n - ring "Miliq" {+Fly rPois AC+4 Dex+4}

@: hasted and slowed, wreathed by umbra
A: small, nightstalker 3
a: Shadow Step, Renounce Religion, Evoke Flight


You were in an ice cave.
You worshipped Dithmenos.
Dithmenos was greatly pleased with you.
You visited 3 branches of the dungeon, and saw 12 of its levels.
You also visited: Sewer, Bailey and Ice Cave.

You collected 588 gold pieces.


Innate Abilities, Weirdness & Mutations

You are small and have problems with some larger weapons.
You are completely attuned to the shadows.


   Skills:
 + Level 6.0 Fighting
 - Level 10.0 Short Blades
 + Level 9.4 Dodging
 + Level 15.8 Stealth
 + Level 1.2 Shields
 - Level 5.1 Invocations
 - Level 6.4 Evocations


You had 10 spell levels left.
You didn't know any spells.
Your spell library was empty.

Inventory:

Hand Weapons
 a - a +0 short sword
 d - a +1 dagger of venom (weapon)
 j - a +2 shortbow of freezing
Missiles
 o - 44 poisoned darts (quivered)
 u - 4 throwing nets {=f=f}
 w - 44 boomerangs
 C - 5 atropa-tipped darts
Armour
 b - a +0 leather armour (worn)
 i - a +2 cloak (worn)
 m - a +2 buckler (worn)
Jewellery
 n - the ring "Miliq" (right hand) {+Fly rPois AC+4 Dex+4}
   (You found it on level 5 of the Dungeon)

   [ring of protection]

   It affects your AC (+4).
   It affects your dexterity (+4).
   It protects you from poison.
   It lets you fly.
 I - a +6 ring of intelligence (left hand)
 L - an uncursed ring of flight
 Z - an uncursed ring of wizardry
Wands
 g - a wand of digging (3)
 t - a wand of iceblast (4)
 B - a wand of paralysis (9)
 E - a wand of disintegration (9)
Scrolls
 c - 6 scrolls of fog
 e - 2 scrolls of fear
 k - 5 scrolls of teleportation {@r4@r4}
 p - a scroll of enchant armour
 q - 5 scrolls of identify {@r1@r1}
 s - a scroll of amnesia
 v - a scroll of immolation {unknown}
 y - 3 scrolls of enchant weapon
 D - 2 scrolls of remove curse {@r2@r2}
Potions
 f - 2 potions of haste {@q3@q3}
 h - 2 potions of magic
 l - a potion of heal wounds {@q2@q2}
 r - a potion of brilliance
 z - 3 potions of flight
 A - a potion of curing {@q1@q1}
Miscellaneous
 x - a box of beasts

Dungeon Overview and Level Annotations

Branches:
Dungeon (10/15)            Temple (1/1) D:5            Lair (1/6) D:9
  Sewer (visited)          Bailey (visited)           IceCv (1/1)
    Orc: D:9-12

Altars:
Dithmenos
Gozag
Okawaru
Qazlal
Ru
Sif Muna
Uskayaw
Xom
Yredelemnul

Annotations:
D:10 Maurice, Nergalle

##.## ##..##
#...## #..##
#....####..#
#..#...#...#
#..##.....##
##.###...##
#..######
##..##
#..@##
##.W.#
##...#
##...# ##..#
...


You could see a freezing wraith.


Message History

You hit the freezing wraith but do no damage.
The freezing wraith is lightly damaged.
You block the freezing wraith's attack. x2
You hit the freezing wraith but do no damage.
The freezing wraith is lightly damaged.
The freezing wraith misses you. You block the freezing wraith's attack.
You hit the freezing wraith but do no damage.
The freezing wraith is lightly damaged.
You hit the freezing wraith but do no damage.
The freezing wraith is lightly damaged.
The freezing wraith completely misses you.
You block the freezing wraith's attack.
You closely miss the freezing wraith.
The freezing wraith is lightly damaged.
The freezing wraith barely misses you. x2
You hit the freezing wraith but do no damage.
The freezing wraith is lightly damaged.
The freezing wraith completely misses you.
The freezing wraith hits you!
* * * LOW HITPOINT WARNING * * *
The freezing wraith drains your vigour!
You feel as though you will be slow longer.
Use which ability? (? or * to list)
Okay, then.
You feel yourself speed up. The freezing wraith hits you.
* * * LOW HITPOINT WARNING * * *
The freezing wraith freezes you!
* * * LOW HITPOINT WARNING * * *
The freezing wraith hits you!
You die...

Skill      XL: |  1  2  3  4  5  6  7  8  9 10 11 |
---------------+----------------------------------+-----
Short Blades   | 3 4 5 6 8 9 10 | 10.0
Stealth        | 7 8 9 10 11 13 14 15 | 15.8
Invocations    | 3 5 |  5.1
Dodging        | 4 7 9 |  9.4
Evocations     | 2 6 |  6.4
Fighting       | 6 |  6.0
Shields        | 1 |  1.2

Action                   |  1- 3 |  4- 6 |  7- 9 | 10-12 || total
-------------------------+-------+-------+-------+-------++-------
Melee: Short sword       |     5 |     4 |       |       ||     9
       Dagger            |       |   151 |   490 |   693 ||  1334
Invok: Shadow Step       |       |       |       |     2 ||     2
 Abil: Evoke Flight      |       |       |     2 |       ||     2
  Use: Scroll            |     1 |     1 |    11 |     3 ||    16
       Potion            |       |       |     7 |     7 ||    14
 Stab: Sleeping          |     2 |    11 |    63 |    36 ||   112
       Distracted        |       |       |     1 |     5 ||     6
Armor: Leather armour    |       |    17 |    47 |    62 ||   126
Dodge: Dodged            |     2 |    75 |   242 |   384 ||   703
Block: Buckler           |       |       |       |    39 ||    39

Levels and vault maps discovered:
D:1:      roderic_dead_forest, layout_basic, minmay_pentomino_x2
D:2:      layout_basic, serial_rivers, chequers_serial_rivers_small_b,
          chequers_serial_rivers_micro_b, chequers_serial_rivers_large_b,
          chequers_serial_rivers_micro_c, chequers_serial_rivers_marsh,
          uniq_jessica
D:3:      layout_basic, ebering_ghost_sewer_d, lemuel_blue_sif_altar
D:4:      layout_loops_corners, cheibrodos_sewer_entry_bend,
          chequers_serial_rivers_room_a, minmay_pentangle
D:5:      layout_loops_ring, minmay_temple_entry_statues_pillars
D:6:      layout_gridville, kennysheep_mini_moat, solitary_fountain,
          minmay_stone_trees_large
D:7:      layout_rooms, enter_bailey_3, kennysheep_pointless_box
D:8:      layout_loops_ring, sword_in_stone
D:9:      layout_basic, minmay_lair_entry_grove
D:10:     layout_cave_pools, minmay_misc_feat_enclosed,
          kennysheep_generic_room_9, uniq_maurice, uniq_nergalle, uniq_josephine
Temple:   minmay_crystal_snake_temple
Lair:1:   layout_cave_pods, portal_ice_cave_entry_pillars_2, uniq_sonja
IceCv:    ice_cave_small_necro

Notes
Turn   | Place    | Note
-------+----------+-------------------------------------------
     0 | D:5      | Dracia the Kobold Delver began the quest for the Orb.
     0 | D:5      | Reached XP level 1. HP: 14/14 MP: 1/1
     4 | D:5      | Found a staircase to the Ecumenical Temple.
    13 | Temple   | Entered the Ecumenical Temple
    74 | Temple   | Became a worshipper of Dithmenos the Shadowed
   116 | D:5      | Noticed an iguana
   120 | D:5      | Killed an iguana
   121 | D:5      | Reached skill level 3 in Short Blades
   121 | D:5      | Reached skill level 7 in Stealth
   121 | D:5      | Reached XP level 2. HP: 19/19 MP: 2/2
   121 | D:5      | Reached XP level 3. HP: 23/23 MP: 3/3
   125 | D:5      | Noticed a scorpion
   139 | D:4      | Reached skill level 4 in Short Blades
   139 | D:4      | Reached XP level 4. HP: 24/28 MP: 4/4
   165 | D:4      | Reached skill level 5 in Short Blades
   165 | D:4      | Reached skill level 8 in Stealth
   165 | D:4      | Reached XP level 5. HP: 30/32 MP: 5/5
   477 | D:4      | Found a glowing drain.
   514 | Sewer    | Entered a sewer
   776 | Sewer    | Reached * piety under Dithmenos
   777 | Sewer    | Reached XP level 6. HP: 36/37 MP: 6/6
  1000 | Sewer    | Reached skill level 6 in Short Blades
  1000 | Sewer    | Reached skill level 9 in Stealth
  1392 | D:4      | Reached XP level 7. HP: 41/41 MP: 7/7
  1853 | D:4      | Reached skill level 7 in Short Blades
  2202 | D:3      | Reached skill level 10 in Stealth
  2421 | D:3      | Found a runed translucent door.
  2455 | D:3      | Noticed Fjolswid's ghost (amateur TrFi)
  2459 | D:3      | Killed Fjolswid's ghost
  2460 | D:3      | Reached skill level 8 in Short Blades
  2460 | D:3      | Reached XP level 8. HP: 46/46 MP: 8/8
  2628 | D:3      | Found a shimmering blue altar of Sif Muna.
  2824 | D:2      | Reached ** piety under Dithmenos
  3172 | D:2      | Noticed Jessica
  3176 | D:2      | Killed Jessica
  3273 | D:2      | Reached skill level 11 in Stealth
  3273 | D:2      | Reached skill level 1 in Invocations
  4878 | D:5      | Reached skill level 2 in Invocations
  5040 | D:5      | Got a serpentine lapis lazuli ring
  5054 | D:5      | Reached skill level 9 in Short Blades
  5253 | D:5      | Reached skill level 3 in Invocations
  5305 | D:5      | Reached *** piety under Dithmenos
  5425 | D:5      | Reached XP level 9. HP: 51/51 MP: 11/11
  5794 | D:6      | Found a stormy altar of Qazlal.
  6492 | D:6      | Reached skill level 12 in Stealth
  6492 | D:6      | Reached skill level 4 in Invocations
  6679 | D:7      | Reached skill level 10 in Short Blades
  6695 | D:7      | HP: 5/51 [poisoned by a worker ant]
  6701 | D:7      | HP: 4/51 [poisoned by a worker ant]
  6709 | D:7      | HP: 3/51 [poisoned by a worker ant]
  7128 | D:7      | Found a flagged portal.
  7151 | Bailey   | Entered a bailey
  7552 | Bailey   | Reached skill level 5 in Invocations
  7874 | Bailey   | Reached skill level 3 in Dodging
  7891 | Bailey   | Reached skill level 13 in Stealth
  8581 | D:6      | Reached skill level 4 in Dodging
  8581 | D:6      | Reached skill level 1 in Evocations
  8875 | D:7      | Reached **** piety under Dithmenos
  8876 | D:7      | Reached skill level 2 in Evocations
  9100 | D:6      | Reached XP level 10. HP: 44/56 MP: 13/13
  9204 | D:7      | Reached skill level 3 in Evocations
  9498 | D:7      | Reached skill level 5 in Dodging
  9669 | D:7      | Identified the ring "Miliq" {+Fly rPois AC+4 Dex+4} (You
                  | found it on level 5 of the Dungeon)
  9861 | D:8      | Reached skill level 4 in Evocations
 10050 | D:8      | Reached skill level 6 in Dodging
 10094 | D:8      | Reached skill level 14 in Stealth
 10261 | D:8      | Noticed Eustachio
 10284 | D:8      | Killed Eustachio
 10349 | D:8      | Reached skill level 5 in Evocations
 10686 | D:9      | Reached skill level 7 in Dodging
 11018 | D:9      | Reached skill level 6 in Evocations
 11260 | D:9      | Reached XP level 11. HP: 52/60 MP: 14/14
 11452 | D:9      | Reached skill level 4 in Fighting
 11480 | D:9      | Reached skill level 8 in Dodging
 11487 | D:9      | Found a staircase to the Lair.
 11495 | D:9      | Reached skill level 15 in Stealth
 11844 | D:9      | Reached ***** piety under Dithmenos
 12298 | D:10     | Entered Level 10 of the Dungeon
 12298 | D:10     | Noticed Josephine
 12299 | D:10     | Noticed Maurice
 12300 | D:10     | Killed Josephine
 12301 | D:10     | Reached skill level 5 in Fighting
 12301 | D:10     | Reached skill level 9 in Dodging
 12304 | D:10     | Noticed Nergalle
 12642 | Lair:1   | Entered Level 1 of the Lair of Beasts
 12670 | Lair:1   | Noticed a four-headed hydra
 12742 | Lair:1   | Found a frozen archway.
 12748 | IceCv    | Entered an ice cave
 12823 | IceCv    | Reached skill level 6 in Fighting
 12823 | IceCv    | Reached skill level 1 in Shields
 12842 | IceCv    | HP: 3/64 [white imp/puff of frost (10)]
 13083 | IceCv    | HP: 5/64 [freezing wraith (17)]
 13083 | IceCv    | Slain by a freezing wraith

Vanquished Creatures
  Josephine (D:10)
  A freezing wraith (IceCv)
  2 wraiths
  7 yaks
  Eustachio (D:8)
  2 wyverns (D:9)
  A basilisk (D:9)
  A death yak simulacrum (IceCv)
  5 water moccasins
  9 orc warriors
  The ghost of Fjolswid the Shield-Bearer, an amateur TrFi (D:3)
  7 ice beasts
  A black bear (D:9)
  A necrophage (D:5)
  A phantom (D:8)
  4 sky beasts
  5 ogres
  5 wolves
  2 centaurs
  2 big kobolds (Sewer)
  4 bullfrogs
  2 gnoll sergeants (D:8)
  4 scorpions
  5 killer bees (D:8)
  4 wights
  3 howler monkeys (D:6)
  2 bullfrog zombies
  2 jellies
  2 orc priests
  6 hounds
  2 orc wizards
  A bullfrog skeleton (D:4)
  A gnoll shaman (D:6)
  Jessica (D:2)
  2 iguanas
  11 worker ants
  A polar bear simulacrum (IceCv)
  2 wolf simulacra (IceCv)
  A hound skeleton (D:9)
  13 gnolls
  A river rat (Sewer)
  13 adders
  6 white imps
  An ufetubus (D:9)
  3 oozes
  3 adder zombies (D:5)
  5 worms
  2 dart slugs
  A leopard gecko (D:5)
  17 orcs
  2 ball pythons (Sewer)
  8 giant cockroaches
  10 goblins
  8 hobgoblins
  8 jackals
  21 kobolds
  8 quokkas
  9 bats
  8 frilled lizards
  A quokka zombie (D:9)
  10 rats
273 creatures vanquished.

Vanquished Creatures (others)
  A fungus (D:9)
  14 plants (D:9)
15 creatures vanquished.

Grand Total: 288 creatures vanquished

Table legend: (Time is in decaauts)
 A = Elapsed time spent in this place.
 B = Non-inter-level travel time spent in this place.
 C = Inter-level travel time spent in this place.
 D = Time resting spent in this place.
 E = Time spent auto-exploring this place.
 F = Levels seen in this place.
 G = Mean time per level.
                   A        B        C        D        E       F      G
               +--------+--------+--------+--------+--------+-----+--------+
         Total |  12671 |  12316 |    355 |   2550 |   7515 |  15 |  844.7 |
       Dungeon |  10202 |   9873 |    329 |   1635 |   6669 |  10 | 1020.2 |
        Temple |     88 |     63 |     25 |      0 |     52 |   1 |   88.0 |
          Lair |     99 |     99 |      0 |      0 |      0 |   1 |   99.0 |
         Sewer |    818 |    818 |      0 |    134 |    501 |   1 |  818.0 |
        Bailey |   1175 |   1175 |      0 |    617 |    258 |   1 | 1175.0 |
      Ice Cave |    287 |    287 |      0 |    164 |     35 |   1 |  287.0 |
               +--------+--------+--------+--------+--------+-----+--------+

Top non-repeatable levels by time:
     D:9: 1620 daAuts
     D:6: 1472 daAuts
     D:2: 1176 daAuts
  Bailey: 1175 daAuts
     D:4: 1167 daAuts
     D:7: 1106 daAuts
     D:8: 1094 daAuts
     D:5: 938 daAuts
     D:1: 867 daAuts
   Sewer: 818 daAuts
     D:3: 749 daAuts
   IceCv: 287 daAuts
  Lair:1: 99 daAuts
  Temple: 88 daAuts
    D:10: 7 daAuts

Table legend:
 A = Non-vault XP
 B = Vault XP
 C = Vault XP percentage of total XP
 D = Non-vault monster count
 E = Vault monster count
 F = Vault count percentage of total count
                 A         B        C        D         E       F
            +---------+---------+-------+---------+---------+-------
      Total |    6622 |    6629 |  50.0 |     183 |      90 |  33.0
            +---------+---------+-------+---------+---------+-------
        D:1 |      29 |       1 |   3.3 |      16 |       1 |   5.9
        D:2 |     312 |      37 |  10.6 |      26 |       1 |   3.7
        D:3 |     167 |     146 |  46.6 |      17 |       2 |  10.5
        D:4 |     244 |     149 |  37.9 |      19 |       4 |  17.4
        D:5 |     678 |       0 |   0.0 |      18 |       0 |   0.0
        D:6 |     780 |       0 |   0.0 |      19 |       0 |   0.0
        D:7 |     706 |       7 |   1.0 |      17 |       4 |  19.0
        D:8 |    1340 |     543 |  28.8 |      27 |       4 |  12.9
        D:9 |    1851 |    1961 |  51.4 |      20 |      14 |  41.2
       D:10 |       0 |    1316 | 100.0 |       0 |       2 | 100.0
     Lair:1 |     515 |       0 |   0.0 |       4 |       0 |   0.0
      Sewer |       0 |     280 | 100.0 |       0 |      17 | 100.0
     Bailey |       0 |     859 | 100.0 |       0 |      26 | 100.0
      IceCv |       0 |    1330 | 100.0 |       0 |      15 | 100.0
            +---------+---------+-------+---------+---------+-------
